[Event "*** Titled Tuesday Blitz"]
[Site "Chess.com"]
[Date "2020.11.24"]
[Round "7"]
[White "freshfoodcompany"]
[Black "AldokhinIvan"]
[Result "0-1"]
[WhiteElo "2360"]
[BlackElo "2491"]
[TimeControl "180+1"]
[EndTime "11:36:06 PST"]
[Termination "AldokhinIvan won by checkmate"]

1. d4 Nf6 2. c4 c5 3. d5 e6 4. Nc3 exd5 5. cxd5 d6 6. e4 g6 7. Nf3 a6 8. a4 Bg4 9. h3 Bxf3 10.
Qxf3 Bg7 11. Bd3 O-O 12. O-O Nbd7 13. Bf4 Qe7 14. Rfe1 Rfe8 15. Kh2 Rac8 16. Qg3 Ne5 17. Bxe5 Qxe5 18. Qxe5 Rxe5 19. f4 Ree8 20. Re2 c4 21. Bc2 Nd7 22. Rae1 Rc5 23. Kg3 b5 24. axb5 axb5 25.
Kf3 b4 26. Nd1 b3 27. Bb1 Nb6 28. g4 g5 29. fxg5 Na4 30. h4 Bd4 31. h5 c3 32.
bxc3 Nxc3 33. Nxc3 Rxc3+ 34. Kg2 Be5 35. Re3 Rec8 36. g6 hxg6 37. hxg6 fxg6 38. Rxc3 Rxc3 39. Rf1 b2 40. Re1 Rc1 41. Rf1 Kg7 42. Kf2 Kf6 43. Ke2+ Kg5 44. Rd1 Kxg4 45. Bd3 Kf4 46. Kd2 Bc3+ 47.
Ke2 g5 48. Bb1 g4 49. Rf1+ Rxf1 50. Kxf1 Ke3 51. e5 Bxe5 52. Kg2 Kd2 53. Bf5 g3 54. Kf3 Kc1 55. Kg2 b1=Q 56. Bxb1 Kxb1 57. Kf3 Kc2 58. Kg2 Kd3 59. Kf3 Kd4 60. Kg2 Kxd5 61. Kf3 Kd4 62. Kg2 Ke3 63. Kg1 Kf3 64. Kf1 g2+ 65. Kg1 Bd4+ 66. Kh2 g1=Q+ 67. Kh3 Qg3# 0-1

[Event "*** Titled Tuesday Blitz"]
[Site "Chess.com"]
[Date "2020.11.24"]
[Round "7"]
[White "ZenBull"]
[Black "AniJak"]
[Result "1-0"]
[WhiteElo "2131"]
[BlackElo "2318"]
[TimeControl "180+1"]
[EndTime "11:36:06 PST"]
[Termination "ZenBull won by resignation"]

1. Nf3 d5 2. d4 Nf6 3. c4 c6 4.
Nc3 a6 5. Qc2 Bg4 6. Ne5 Bh5 7.
e4 dxe4 8. Be3 e6 9. a3 Nbd7 10. Nxd7 Qxd7 11. Nxe4 Nxe4 12. Qxe4 Bg6 13. Qf3 Be7 14. Be2 O-O 15. O-O Bf6 16. Rfd1 Rfd8 17. h3 Qe7 18. Rac1 e5 19. dxe5 Qxe5 20. b4 h6 21. Qf4 Qb2 22. Rxd8+ Rxd8 23. Bf3 Re8 24.
Rd1 Bg5 25. Qd4 Qxa3 26. Bxg5 hxg5 27. Qd7 f6 28. Qxb7 Qb3 29. Rd7 Qb1+ 30. Kh2 Kh8 31. Rxg7 Rf8 32. Rc7 Qf5 33. Qxc6 Qe5+ 34. g3 g4 35. hxg4 Qc3 36. Be4 Bf7 37. Kg2 Qd4 38. Bd5 Bxd5+ 39. Qxd5 Qxd5+ 40. cxd5 Rd8 41. Rc5 Kg7 42.
Kf3 Rb8 43. Rc4 Rb5 44. Rd4 Rb7 45. Ke4 Rd7 46. d6 Kf7 47. Kd5 Rd8 48. Rc4 f5 49. Rc7+ Kf6 50. gxf5 Kxf5 51. d7 Kf6 52. Kd6 a5 53.
Rc8 Rxd7+ 54. Kxd7 axb4 55. Rb8 Ke5 56. Rxb4 Kf5 57.
Rf4+ Kg5 58. Ke6 Kg6 59. Ke5 Kg5 60. g4 Kg6 61. g5 Kxg5 62. Rf8 Kg6 63. Rg8+ Kf7 64.
Rg1 Ke7 65. f4 Kf7 66. f5 Ke7 67. Rg7+ Kf8 68. Ra7 Ke8 69. Ke6 Kd8 70. f6 Kc8 71. f7 Kb8 1-0

[Event "*** Titled Tuesday Blitz"]
[Site "Chess.com"]
[Date "2020.11.24"]
[Round "7"]
[White "Supernotar"]
[Black "sara_khm"]
[Result "0-1"]
[WhiteElo "2836"]
[BlackElo "2594"]
[TimeControl "180+1"]
[EndTime "11:36:07 PST"]
[Termination "sara_khm won by checkmate"]

1. d4 Nf6 2. c4 e6 3. Nf3 b6 4. g3 Ba6 5. Nbd2 Bb4 6. Qc2 O-O 7. Bg2 d5 8. O-O c6 9. Rd1 Nbd7 10. a3 Be7 11. b4 Rc8 12. Bb2 dxc4 13. Nxc4 c5 14.
bxc5 bxc5 15. Nce5 cxd4 16. Nc6 Qe8 17. Nxe7+ Qxe7 18. Qa4 Bxe2 19. Rxd4 Nb6 20. Qb3 Nc4 21. Bc3 e5 22. Rh4 Nd5 23. Re1 Nxc3 24. Qxc3 Nxa3 25. Qxe5 Qxe5 26. Nxe5 Bb5 27. Ra1 a6 28. Bf1 Nc2 29. Ra5 Rfe8 30. Nf3 Ne1 31. Nd2 Rc1 32. Bxb5 Nf3+ 33.
Kg2 Nxh4+ 34. gxh4 axb5 35. Rxb5 Rd1 36. Nf3 h6 37. Rb2 Rd6 38. Rc2 Re4 39. Kg3 Rg6+ 40. Kh3 Rf6 41. Kg3 Ra4 42. Rc8+ Kh7 43. Rc3 Rff4 44. Re3 Rg4+ 45. Kh3 f5 46. h5 Rge4 47. Rd3 Rf4 48. Kg3 Rg4+ 49. Kh3 Ra2 50. Nd2 Rg5 51. f4 Rxh5+ 52. Kg3 g5 53. Rd7+ Kg6 54. Rd6+ Kf7 55. Nf3 g4 56. Ne5+ Ke8 57. Rg6 Ra3+ 58. Kg2 Ra2+ 59. Kg1 Rhxh2 60. Rg8+ Ke7 61. Rg7+ Kd6 62.
Rd7+ Ke6 63. Rb7 Rhg2+ 64. Kh1 Rgb2 65. Rc7 Rb1+ 66. Rc1 Rxc1# 0-1

[Event "*** Titled Tuesday Blitz"]
[Site "Chess.com"]
[Date "2020.11.24"]
[Round "7"]
[White "Rodalquilar"]
[Black "Piotrek1979"]
[Result "1-0"]
[WhiteElo "2669"]
[BlackElo "2512"]
[TimeControl "180+1"]
[EndTime "11:36:07 PST"]
[Termination "Rodalquilar won by resignation"]

1. d4 Nf6 2. Bf4 g6 3. e3 c5 4. c3 Qb6 5. Qb3 d6 6. Nf3 Bg7 7. h3 O-O 8. Nbd2 Nc6 9. Be2 Be6 10. Qxb6 axb6 11. a3 Nd5 12. Bh2 cxd4 13. exd4 Nc7 14. O-O b5 15. Rfe1 Bd5 16. Rad1 Bh6 17. Bf1 f5 18. h4 Rfe8 19. Ng5 Bxg5 20. hxg5 e5 21. dxe5 dxe5 22. Bxb5 Nxb5 23. c4 Nc7 24. cxd5 Nxd5 25. Nc4 Nf4 26. Nxe5 Nxe5 27. Bxf4 Nc4 28. Rxe8+ Rxe8 29. Rd7 Re1+ 30. Kh2 Re2 31. Rc7 Nxb2 32. Rxb7 Rxf2 33.
Be3 Re2 34. Bd4 Nd3 35. a4 Nf4 36. Kg3 Nxg2 37. a5 f4+ 38. Kf3 Rd2 39. a6 Rxd4 40. a7 Nh4+ 41. Kg4 f3+ 42. Kg3 Nf5+ 43. Kxf3 Ra4 44.
Rb8+ Kg7 45. a8=Q Rxa8 46. Rxa8 h5 47. Ra7+ Kf8 48. Kf4 h4 49. Ke5 h3 50. Kf6 Ke8 51.
Rh7 Ne3 52. Rxh3 Ng4+ 53. Kxg6 Ke7 54. Kf5 Nf2 55. Rf3 Nd1 56. Ke4 Nb2 57. g6 Nc4 58. Kd4 Nd2 59. Rf2 Nb3+ 60. Kc4 Na5+ 61. Kc3 Nb7 62.
g7 Nc5 63. g8=Q Ne4+ 64. Kd4 Nxf2 65. Qh7+ Kf6 66. Qh4+ Kf5 67. Qxf2+ Kg4 68. Ke3 1-0

[Event "*** Titled Tuesday Blitz"]
[Site "Chess.com"]
[Date "2020.11.24"]
[Round "7"]
[White "RestartingChess"]
[Black "JulAnt"]
[Result "1/2-1/2"]
[WhiteElo "2543"]
[BlackElo "2450"]
[TimeControl "180+1"]
[EndTime "11:36:07 PST"]
[Termination "Game drawn - insufficient material"]

1. e4 c5 2. Nf3 e6 3. b3 Nf6 4.
e5 Nd5 5. c4 Nb6 6. Bb2 g6 7.
Nc3 Bg7 8. Ne4 O-O 9. Nf6+ Kh8 10. h4 d6 11. h5 dxe5 12. Nxh7 Kxh7 13. hxg6+ Kg8 14.
gxf7+ Rxf7 15. Qc2 Nc6 16. Qh7+ Kf8 17. Nh4 Ne7 18. Nf3 Nc6 19. Nh4 Qf6 20. Ng6+ Ke8 21. f4 Nd4 22. Qg8+ Rf8 23. Nxf8 Qxf8 24. Qxf8+ Kxf8 25.
O-O-O exf4 26. Bd3 Bd7 27. Ba3 Rc8 28. Rdf1 e5 29.
g3 f3 30. Be4 Ke7 31. Rh7 Rg8 32. Bxf3 Nxf3 33. Rxf3 Kd6 34. Rf7 Bf8 35. Rf6+ Kc7 36. Bb2 Bd6 37. Rhh6 Nc8 38. Rxd6 Nxd6 39. Bxe5 Re8 40.
Bxd6+ Kc6 41. Bf4+ Re6 42. Rxe6+ Bxe6 43. Kc2 Bf5+ 44.
Kc3 a6 45. d4 cxd4+ 46. Kxd4 Kd7 47. a3 Ke6 48. Kc5 Be4 49. b4 Bf3 50. a4 Kd7 51. b5 axb5 52. cxb5 Bg2 53. Kb6 Kc8 54. g4 Be4 55. g5 Bg6 56. a5 Be4 57. a6 bxa6 58. bxa6 Kd7 59. Ka7 Kc8 60. Kb6 Kd7 61. g6 Bxg6 62.
Ka7 Be4 63. Kb8 Ke6 64. a7 Kf5 65. a8=Q Bxa8 1/2-1/2

[Event "*** Titled Tuesday Blitz"]
[Site "Chess.com"]
[Date "2020.11.24"]
[Round "7"]
[White "TheKingDoctor"]
[Black "Marina_Chess_Rus"]
[Result "0-1"]
[WhiteElo "2106"]
[BlackElo "2291"]
[TimeControl "180+1"]
[EndTime "11:36:09 PST"]
[Termination "Marina_Chess_Rus won on time"]

1. d4 d5 2. Bf4 Nf6 3. e3 c5 4. Nf3 Nc6 5. c3 e6 6. Nbd2 Bd6 7. Bg5 h6 8. Bh4 O-O 9. Bd3 e5 10. dxe5 Nxe5 11. Nxe5 Bxe5 12. Nf3 Bg4 13. Be2 Bxf3 14. Bxf3 g5 15. Bg3 Qd6 16. Qb3 c4 17. Qc2 Rad8 18. Rd1 Qe6 19. Bxe5 Qxe5 20. O-O Ne4 21. Rd4 f5 22. Rfd1 Rd6 23. Qa4 a6 24. Qb4 b5 25.
Bxe4 fxe4 26. Qc5 Rfd8 27. h3 Qf5 28. a4 Qd7 29. axb5 Qxb5 30. Qa3 Rb6 31. Rxe4 Qxb2 32. Qxb2 Rxb2 33. Rxc4 dxc4 34. Rxd8+ Kg7 35. Ra8 Ra2 36. Kh2 a5 37. Kg3 a4 38. Kf3 a3 39.
Ke4 Ra1 40. Kd4 Ra2 41. Kxc4 Rxf2 42. Rxa3 Rxg2 43. e4 Rh2 44. Kd5 Rxh3 45. Ke6 Re3 46. e5 g4 47. Ra7+ Kg6 48. c4 g3 49. Ra6 g2 50.
Kd5+ Kg5 51. Ra1 Rd3+ 52. Ke4 Rd2 53. Rg1 Re2+ 54. Kd5 Kf5 55. e6 Rd2+ 56. Kc5 Kxe6 57. Kc6 Rc2 58. c5 h5 59. Kb6 h4 60. c6 Kd6 0-1

[Event "*** Titled Tuesday Blitz"]
[Site "Chess.com"]
[Date "2020.11.24"]
[Round "7"]
[White "Fy_Rakotomaharo"]
[Black "GameOverBro"]
[Result "1-0"]
[WhiteElo "2695"]
[BlackElo "2505"]
[TimeControl "180+1"]
[EndTime "11:36:11 PST"]
[Termination "Fy_Rakotomaharo won on time"]

1. d4 d6 2. Bg5 Nd7 3. Nc3 Ngf6 4.
e4 e5 5. Nf3 c6 6. a4 Be7 7. Bc4 Qc7 8. O-O Nf8 9. Re1 Ng6 10.
a5 O-O 11. h3 h6 12. Be3 Kh7 13. Qd2 Nh5 14. dxe5 dxe5 15. Na4 Nhf4 16. Bf1 f5 17. exf5 Bxf5 18. Bc5 Rad8 19. Qb4 Bxc2 20. Bxe7 Qxe7 21. Qxe7 Nxe7 22. Nxe5 Ned5 23. Nc5 b6 24. Nb7 Rc8 25. g3 Nh5 26. Rac1 Nb4 27. Rxc2 Nxc2 28. Bd3+ Kg8 29.
Bxc2 Rc7 30. a6 g5 31. Nc4 Kg7 32. Re6 Rf6 33. Rxf6 Nxf6 34. Bf5 Nd5 35. Nbd6 Kf8 36. Bc8 b5 37. Ne5 Ke7 38. Nef7 b4 39. Bb7 Kd7 40. Nc4 Ne7 41. Nxh6 Ke6 42. Ne3 c5 43. Kf1 c4 44.
Ke1 c3 45. bxc3 bxc3 46. Kd1 Ng6 47. Nhg4 Nf8 48. Kc2 Nd7 49. h4 gxh4 50. gxh4 Nc5 51. Bf3 Nxa6 52. Nd5 Rc5 53. Nge3 Nc7 54. Nxc3 a5 55. Kd3 Ke5 56. h5 Ne6 57. h6 Rc8 58. Ned5 Ng5 59. Bg2 Rh8 60. f4+ Kf5 61. fxg5 Kxg5 62.
Nb6 Rxh6 63. Nc4 Rh2 64. Bc6 Rh3+ 65. Kd4 Rh4+ 66. Kc5 Kf4 67. Nd5+ Ke4 68. Nxa5 Rh5 69. Nb7 Ke5 70. Nd6 Rh1 71. Nc4+ 1-0

[Event "*** Titled Tuesday Blitz"]
[Site "Chess.com"]
[Date "2020.11.24"]
[Round "7"]
[White "GregShahade"]
[Black "witcher8"]
[Result "0-1"]
[WhiteElo "2698"]
[BlackElo "2454"]
[TimeControl "180+1"]
[EndTime "11:36:12 PST"]
[Termination "witcher8 won by checkmate"]

1. e4 c6 2. Nc3 d5 3. Nf3 Bg4 4. h3 Bh5 5. exd5 cxd5 6. g4 Bg6 7. Bb5+ Nc6 8. Ne5 Rc8 9. d4 e6 10. Qe2 Bd6 11. Nxg6 hxg6 12. Nxd5 a6 13. Bxc6+ Rxc6 14. Ne3 Bf4 15. d5 Rd6 16. Nc4 Bxc1 17. Nxd6+ Qxd6 18. Rxc1 Qxd5 19. f3 Nf6 20. O-O Rxh3 21. Rcd1 Qc6 22. Qd3 Nd5 23. Qd4 Qxc2 24. Rf2 Qc7 25. Qxg7 Qg3+ 26.
Rg2 Qxf3 27. Qd4 Rg3 28. Rxg3 Qxg3+ 29. Kh1 Qf3+ 30. Kg1 Kf8 31. Qh8+ Ke7 32. Qd4 b6 33. a4 a5 34. Rf1 Qg3+ 35. Kh1 Qh3+ 36. Kg1 Qg3+ 37.
Kh1 Qh4+ 38. Kg2 f5 39. Qg7+ Kd6 40. Qf8+ Kd7 41. Qg7+ Kd6 42. Qf8+ Qe7 43. Qxe7+ Nxe7 44. gxf5 gxf5 45. Rc1 e5 46. Kf3 Nd5 47. Rc8 e4+ 48. Kf2 Ke5 49. Rf8 f4 50. Ke1 Kd4 51. Rd8 e3 52. Rd7 f3 53. Rd8 Ke4 54. Rd6 Ke5 55.
Rd8 Nb4 56. Re8+ Kd4 57. Rd8+ Ke4 58. Re8+ Kd3 59. Rd8+ Kc2 60. Rc8+ Kxb2 61. Re8 Ka2 62. Rxe3 Nc2+ 63. Kf2 Nxe3 64. Kxe3 Kb3 65. Kxf3 Kxa4 66. Ke4 Kb3 67. Kd3 a4 68. Kd4 a3 69. Kd5 b5 70. Kc6 b4 71. Kc5 a2 72. Kb5 a1=Q 73. Kb6 Qe5 74. Kb7 Kc4 75. Ka8 Qe7 76. Kb8 Kc5 77.
Ka8 Kb6 78. Kb8 Qb7# 0-1

[Event "*** Titled Tuesday Blitz"]
[Site "Chess.com"]
[Date "2020.11.24"]
[Round "7"]
[White "woodhy"]
[Black "IMAghasiyevKamal"]
[Result "0-1"]
[WhiteElo "2448"]
[BlackElo "2571"]
[TimeControl "180+1"]
[EndTime "11:36:13 PST"]
[Termination "IMAghasiyevKamal won by resignation"]

1. e4 e5 2. Nf3 Nc6 3. Bb5 a6 4. Bxc6 dxc6 5. O-O f6 6. Qe2 c5 7. Rd1 Be6 8. d3 Qd7 9. c3 O-O-O 10. Na3 Ne7 11. Be3 Nc6 12. Nc2 g5 13. d4 g4 14.
Nh4 cxd4 15. cxd4 exd4 16. Nxd4 Nxd4 17. Rxd4 Bd6 18. Bf4 Bxf4 19. Rxd7 Rxd7 20. Nf5 h5 21. g3 Rd2 22. Qe1 Bg5 23. h4 gxh3 24. f4 Rg2+ 25. Kh1 Bh6 26. Nxh6 Rxh6 27. Qe3 h4 28. g4 Bxg4 29.
f5 Rh8 30. Rg1 Rg8 31. Rxg2 hxg2+ 32. Kxg2 Bxf5+ 33. Kh2 Bd7 34. Qh6 h3 35. Qxf6 b6 36. Qf7 Rg2+ 37. Kh1 Bc6 38. Qf5+ Kb7 39. b4 Rxa2 40.
Qxh3 Bxe4+ 41. Kg1 Bc6 42. Kf1 b5 43. Ke1 Rc2 44. Qh4 Rc4 45. Qf6 Rxb4 46. Kd2 Rc4 47. Kd3 a5 48. Qb2 a4 49. Qa1 Kb6 50. Qg1+ Kb7 51. Qa1 Be4+ 52. Ke3 Kc6 53. Qf6+ Kb7 54.
Qa1 Bc6 55. Kd2 b4 56. Qb2 b3 57. Kd3 Rc5 58. Kd4 Rc2 59. Qa3 Rd2+ 60. Kc3 Rd5 61.
Qb4+ Rb5 62. Qxa4 Rc5+ 63. Kb2 Bxa4 64. Ka3 Bc6 65. Kb2 Be4 66. Ka3 Kb6 67. Kb4 Rh5 0-1

[Event "*** Titled Tuesday Blitz"]
[Site "Chess.com"]
[Date "2020.11.24"]
[Round "7"]
[White "serhanberat_ozdemir"]
[Black "CraiggoryC"]
[Result "0-1"]
[WhiteElo "2324"]
[BlackElo "2162"]
[TimeControl "180+1"]
[EndTime "11:36:13 PST"]
[Termination "CraiggoryC won by checkmate"]

1. e4 e6 2. d4 d5 3. Nd2 Be7 4.
Ngf3 Nf6 5. e5 Nfd7 6. Bd3 c5 7. c3 Nc6 8. O-O a5 9. Re1 cxd4 10. cxd4 Qb6 11.
Nb1 Nxd4 12. Nxd4 Qxd4 13. Nc3 Qb6 14. Qg4 g6 15. Be3 Qb4 16. Qe2 Nxe5 17. a3 Qg4 18. f3 Qh5 19. Bb5+ Bd7 20. Bd4 Bf6 21. Bxe5 Bxe5 22.
Qxe5 Qxe5 23. Rxe5 Bxb5 24. Nxb5 Kd7 25. Rc1 Rhc8 26.
Ree1 a4 27. Kf2 Ra6 28. Rxc8 Kxc8 29. Rc1+ Kd8 30. Rc2 Ra5 31. Nc3 b5 32. Ne2 e5 33.
Rc5 Ke7 34. Rxd5 Ke6 35. Rc5 Kd6 36. Rc2 b4 37. axb4 Rb5 38. Rc4 Kd5 39. Rc5+ Rxc5 40.
bxc5 Kxc5 41. Ke3 Kc4 42. Ke4 f6 43. f4 exf4 44. Nc3 Kb3 45. Nxa4 Kxa4 46. Kxf4 Kb3 47. g4 Kxb2 48. h4 Kc3 49. Ke4 Kc4 50. h5 Kc5 51.
hxg6 hxg6 52. g5 f5+ 53. Ke5 Kc4 54. Kf6 f4 55. Kxg6 f3 56. Kh7 f2 57. g6 f1=Q 58.
g7 Qf5+ 59. Kh6 Qg4 60. Kh7 Qh5+ 61. Kg8 Kd5 62. Kf8 Qf5+ 63. Ke7 Qe5+ 64. Kf7 Qf5+ 65. Ke7 Qg6 66. Kf8 Qf6+ 67. Kg8 Ke6 68. Kh7 Qh4+ 69.
Kg6 Qg4+ 70. Kh6 Qh4+ 71. Kg6 Qf6+ 72. Kh7 Qf7 73. Kh8 Qh5+ 74. Kg8 Kf6 75. Kf8 Qf7# 0-1

[Event "*** Titled Tuesday Blitz"]
[Site "Chess.com"]
[Date "2020.11.24"]
[Round "7"]
[White "Deepweb2020"]
[Black "Nadeev_Sergey"]
[Result "0-1"]
[WhiteElo "2270"]
[BlackElo "2462"]
[TimeControl "180+1"]
[EndTime "11:36:17 PST"]
[Termination "Nadeev_Sergey won by resignation"]

1. d4 Nf6 2. c4 c6 3. Nc3 d5 4. cxd5 cxd5 5. Bf4 Nc6 6. e3 Bf5 7. Bd3 Bxd3 8. Qxd3 Rc8 9. Nf3 e6 10. O-O Be7 11. h3 O-O 12. a3 Na5 13. Nd2 a6 14.
Na4 Nc4 15. b4 Nxd2 16. Qxd2 Ne4 17. Qb2 Rc4 18. Nc5 Qc8 19. Nxe4 dxe4 20. Rfc1 Rc6 21. Rxc6 Qxc6 22. Rc1 Qd5 23. Rc7 Bd8 24. Rc8 Bb6 25.
Rxf8+ Kxf8 26. Qc2 Qc6 27. Qxc6 bxc6 28. Kf1 Ke7 29.
Ke2 Kd7 30. Kd2 h5 31. Kc3 f6 32. Kc4 g5 33. Bg3 g4 34. hxg4 hxg4 35. Bh4 f5 36. Bg3 Ke7 37. Bf4 Kd7 38. Be5 Kc8 39.
a4 Kb7 40. Bd6 Kc8 41. a5 Ba7 42. Bc5 g3 43. fxg3 Bb8 44. Be7 Bxg3 45. Bg5 Kc7 46. Kc5 Bd6+ 47. Kc4 Kd7 48. Bh4 Ke8 49. Bg5 Kf7 50.
Bd8 Kg6 51. Bb6 Kf7 52. Bc5 Bg3 53. Kc3 Bf2 54. Kd2 Kg6 55. Ke2 Bg1 56. Kf1 Bxe3 57. Ke2 Bf4 58. Kf2 Bc7 59. Ke2 Kh5 60. Ke3 Kg4 61.
Kf2 f4 62. Ke2 Kg3 63. Kf1 f3 64. gxf3 Kxf3 65. Bf8 e3 66. Ke1 Bg3+ 0-1

[Event "*** Titled Tuesday Blitz"]
[Site "Chess.com"]
[Date "2020.11.24"]
[Round "7"]
[White "Kopytkin"]
[Black "tylityli"]
[Result "1-0"]
[WhiteElo "2435"]
[BlackElo "2333"]
[TimeControl "180+1"]
[EndTime "11:36:24 PST"]
[Termination "Kopytkin won on time"]

1. e4 e5 2. Nf3 Nc6 3. Bc4 Nf6 4. d3 Be7 5. Nc3 O-O 6. a3 d6 7. h3 Be6 8. Be3 a6 9. Nd5 b5 10. Ba2 Re8 11. O-O h6 12. Re1 Nb8 13. c4 c6 14.
Bb6 Qc8 15. Nc7 Nbd7 16. Nxa8 Qxa8 17. Be3 c5 18. Nd2 Nf8 19. b4 Qc8 20. Rc1 Ng6 21.
Nf1 Qd7 22. Qe2 Rc8 23. cxb5 axb5 24. Bxe6 Qxe6 25. bxc5 dxc5 26. Qb2 Qa6 27. Rc2 Nd7 28. Rb1 Rb8 29. Nd2 b4 30. axb4 Qxd3 31. b5 Nf4 32.
Bxf4 exf4 33. Qc3 Qd6 34. Nc4 Qg6 35. e5 f3 36. g3 Bh4 37. Kh2 Bg5 38. Rcb2 Qe4 39.
b6 h5 40. Re1 Qd5 41. h4 Be7 42. Rd2 Qc6 43. Qd3 Nxb6 44. Rb1 Nd7 45. Rxb8+ Nxb8 46. Qd5 Qc7 47. e6 f6 48. Nd6 g6 49. Ne8 Qc8 50. Nxf6+ Bxf6 51. e7+ Kg7 52. Qd8 Qxd8 53. exd8=Q Bxd8 54. Rxd8 Nc6 55. Rc8 Ne5 56. Rxc5 Nd3 57. Rc2 Kf6 58. Kg1 Kf5 59. Rc3 Ne5 60. Kf1 Ke4 61.
Re3+ Kf5 62. Ke1 Kf6 63. Re4 Kf5 64. Rf4+ Ke6 65. Kd2 Ng4 66. Rxf3 Ne5 67. Re3 1-0

[Event "*** Titled Tuesday Blitz"]
[Site "Chess.com"]
[Date "2020.11.24"]
[Round "7"]
[White "niki_2003"]
[Black "parintele_chess"]
[Result "1/2-1/2"]
[WhiteElo "1999"]
[BlackElo "2191"]
[TimeControl "180+1"]
[EndTime "11:36:24 PST"]
[Termination "Game drawn - insufficient material"]

1. d4 d5 2. c4 e6 3. Nc3 Bb4 4. Nf3 Nf6 5. Bg5 h6 6. Bxf6 Qxf6 7.
Qa4+ Nc6 8. Ne5 Bd7 9. Nxd7 Qxd4 10. Qc2 Kxd7 11. cxd5 exd5 12. Rd1 Bxc3+ 13. bxc3 Qc5 14.
Qf5+ Ke7 15. Rd3 Rhd8 16. g3 Kf8 17. Bg2 Kg8 18. Bxd5 Qf8 19. O-O Ne7 20. Qf3 Nxd5 21. Rxd5 Rxd5 22. Qxd5 c6 23. Qb3 Qe7 24. Rd1 b6 25. Qc4 Re8 26. e3 c5 27. Qa4 Qb7 28.
Rd7 Qf3 29. Rd4 Re6 30. Rd8+ Kh7 31. Qxa7 Rf6 32. Rd2 Qe4 33. Qd7 Qc4 34. Qd3+ Qxd3 35. Rxd3 b5 36. Rd5 Rc6 37. Kf1 Kg6 38. Ke2 Kf6 39.
Kd3 Ke6 40. e4 c4+ 41. Kd4 Rb6 42. Kc5 Rb8 43. f4 Ra8 44. Rd2 Ra3 45. Kb4 Ra8 46.
Kxb5 Rc8 47. Kb4 f5 48. Rd4 fxe4 49. Rxe4+ Kf5 50. Rxc4 Rb8+ 51. Ka4 Rb2 52. a3 Rxh2 53. Rc5+ Kg4 54. Rc7 g5 55. fxg5 hxg5 56. Rg7 Rg2 57. c4 Rxg3 58. c5 Rc3 59. Kb5 Rxa3 60. c6 Rb3+ 61.
Kc5 Rc3+ 62. Kd6 Kf4 63. c7 g4 64. Kd7 g3 65. c8=Q Rxc8 66. Kxc8 Kf3 67. Rf7+ Ke2 68.
Rg7 Kf2 69. Kd7 g2 70. Ke6 g1=Q 71. Rxg1 Kxg1 1/2-1/2

[Event "*** Titled Tuesday Blitz"]
[Site "Chess.com"]
[Date "2020.11.24"]
[Round "7"]
[White "Salem-AR"]
[Black "swimmerchess"]
[Result "0-1"]
[WhiteElo "2896"]
[BlackElo "2797"]
[TimeControl "180+1"]
[EndTime "11:36:27 PST"]
[Termination "swimmerchess won on time"]

1. e4 e5 2. Nf3 Nc6 3. Bb5 a6 4.
Ba4 Nf6 5. O-O Be7 6. d3 b5 7.
Bb3 d6 8. a4 b4 9. a5 O-O 10. Nbd2 Be6 11. Nc4 h6 12. Be3 Qc8 13. Nfd2 d5 14. exd5 Nxd5 15. Ba4 Qb7 16. Ne4 Nxe3 17.
fxe3 Bxc4 18. dxc4 Nxa5 19. Ng3 Nxc4 20. Nf5 Bg5 21.
Qe2 Qe4 22. Bb3 Nd6 23. h4 Bxh4 24. Nxd6 cxd6 25. Rad1 Bg5 26. Rf3 Rad8 27. Bd5 Qg4 28. Rdf1 e4 29. Rxf7 Qxe2 30. R7f2+ Kh7 31. Bxe4+ Kg8 32.
Bd5+ Kh8 33. Rxe2 Rxf1+ 34. Kxf1 a5 35. e4 Bf6 36. b3 Rc8 37. Bc4 Rc5 38. Rd2 Be5 39.
Ke2 Kh7 40. Kf3 Kg6 41. Kg4 h5+ 42. Kf3 Kf6 43. Rd1 g5 44. Rh1 g4+ 45. Ke3 Kg5 46.
Rf1 h4 47. Rf5+ Kg6 48. Bf7+ Kg7 49. Bc4 Rc7 50. Rg5+ Kh6 51. Rxg4 Kh5 52. Kf3 a4 53. Rg8 a3 54. Ra8 Kg5 55. Ra4 Bc3 56. Ra5+ Kf6 57. Kg4 Rg7+ 58. Kxh4 Rxg2 59. Bd3 Rd2 60. Kg4 Be5 61.
Kf3 Ke6 62. Ra4 Bc3 63. Bc4+ Ke5 64. Bd3 Kd4 65. Ra5 Rxd3+ 66. cxd3 Kxd3 67. Ra6 Kc2 68. Ke2 Kxb3 0-1

[Event "*** Titled Tuesday Blitz"]
[Site "Chess.com"]
[Date "2020.11.24"]
[Round "7"]
[White "Vulcanochess"]
[Black "DarZay"]
[Result "0-1"]
[WhiteElo "2304"]
[BlackElo "2120"]
[TimeControl "180+1"]
[EndTime "11:36:28 PST"]
[Termination "DarZay won by checkmate"]

1. c4 e6 2. Nf3 d5 3. b3 Nf6 4. Bb2 c5 5. g3 Nc6 6. Bg2 Be7 7. O-O O-O 8. e3 Qc7 9. Qe2 b6 10. Rd1 Bb7 11. Nc3 a6 12. d4 Ne4 13. Rac1 Rad8 14. cxd5 exd5 15. dxc5 Nxc3 16. Bxc3 bxc5 17. Ne1 Na7 18. Qg4 g6 19. b4 c4 20. Qd4 f6 21.
Qxa7 Ra8 22. Qd4 Rfd8 23. a3 Kg7 24. h4 h5 25. Nf3 Qd7 26. Ng5 Rf8 27. Nh3 Rad8 28.
Nf4 Kh6 29. Bh3 Qa4 30. Ne6 Bc8 31. Bb2 Rd6 32. Nf4 Bxh3 33. Nxh3 a5 34. bxa5 Qxa5 35. e4 Rb8 36. Bc3 Qxa3 37. Bd2+ Kh7 38. Bf4 Rb3 39. Bxd6 Bxd6 40. Rc2 Rxg3+ 41. fxg3 Qxg3+ 42. Rg2 Qxh3 43. Qxf6 Bc5+ 44. Kf1 Qh1+ 45. Ke2 Qxg2+ 46.
Ke1 Qg1+ 47. Ke2 Qg2+ 48. Ke1 Bb4+ 49. Rd2 Qxd2+ 50. Kf1 Qd1+ 51. Kg2 Qd2+ 52. Kh3 Qe3+ 53. Kg2 Qxe4+ 54. Kg3 Qe3+ 55. Qf3 Qxf3+ 56. Kxf3 c3 57. Ke3 c2 58. Kd3 c1=Q 59. Kd4 Qd2+ 60. Ke5 Qe3+ 61. Kf6 Qf4+ 62. Ke6 Bd6 63. Kd7 Qf7+ 64. Kc6 d4 65. Kxd6 d3 66. Kc5 d2 67. Kb4 d1=Q 68. Kc3 Qb1 69. Kd4 Qe4+ 70. Kxe4 Qf2 71. Ke5 Qxh4 72. Ke6 g5 73. Kf7 g4 74. Kf8 g3 75. Kf7 g2 76. Kf8 g1=Q 77. Kf7 Qf4+ 78. Ke8 Qe1+ 79. Kd7 Qfd2+ 80. Kc8 Qec1+ 81. Kb7 Qdb2+ 82. Ka8 Qca1# 0-1

[Event "*** Titled Tuesday Blitz"]
[Site "Chess.com"]
[Date "2020.11.24"]
[Round "7"]
[White "tlomigtlis"]
[Black "geordie_derraugh"]
[Result "1/2-1/2"]
[WhiteElo "2579"]
[BlackElo "2472"]
[TimeControl "180+1"]
[EndTime "11:36:33 PST"]
[Termination "Game drawn by stalemate"]

1. d4 Nf6 2. c4 e6 3. Nc3 Bb4 4. Qc2 c5 5. dxc5 Qc7 6. Nf3 a6 7. a3 Bxc5 8. Bg5 Be7 9. e3 b6 10. Bd3 Bb7 11. O-O d6 12. Ne4 Nbd7 13. Nd4 Rc8 14.
Nxf6+ Nxf6 15. b4 h6 16. Bh4 d5 17. Qa4+ Qd7 18. Qxd7+ Kxd7 19. Bxf6 Bxf6 20. cxd5 exd5 21. Bf5+ Kd6 22. Bxc8 Rxc8 23. Rac1 Rc4 24. Rfd1 b5 25. h3 g6 26. Nb3 Bb2 27. Rxc4 bxc4 28. Na5 Kc7 29.
Nxb7 Kxb7 30. Rxd5 c3 31. Rc5 Bxa3 32. Rxc3 Bxb4 33.
Rd3 Kc6 34. Rd4 a5 35. Rf4 f5 36. g4 fxg4 37. hxg4 Kb5 38. Rf6 a4 39. Rxg6 a3 40. Rg8 a2 41. Rb8+ Ka4 42. Ra8+ Ba5 43. Rf8 a1=Q+ 44.
Kg2 Qe5 45. Rf4+ Kb3 46. Rf5 Qe4+ 47. f3 Qc2+ 48. Kg3 Bc7+ 49. f4 Qe4 50. Kf2 Kc3 51.
Rc5+ Kd2 52. Rxc7 Qxe3+ 53. Kg2 Qe2+ 54. Kg3 Qe1+ 55. Kf3 Qe3+ 56. Kg2 Qxf4 57. Rd7+ Ke3 58. Rg7 Qe4+ 59. Kh3 Qf3+ 60. Kh2 Qf2+ 61. Kh3 Qf1+ 62.
Kg3 Qg1+ 63. Kh3 Kf4 64. Rf7+ Kg5 65. Rf5+ Kg6 66. Rf3 Qd1 67. Rg3 Qd4 68. Kh4 Qf2 69. Kh3 Kg5 70. Rg2 Qf3+ 71. Kh2 Qf4+ 72. Kh3 h5 73.
gxh5+ Kxh5 74. Rg3 Qf1+ 75. Kh2 Qf2+ 76. Rg2 Qf3 77.
Kg1 Kh4 78. Rh2+ Kg4 79. Rg2+ Kh5 80. Rh2+ Kg4 81. Rg2+ Kh3 82. Rh2+ Kg3 83. Rh3+ Kxh3 1/2-1/2

[Event "*** Titled Tuesday Blitz"]
[Site "Chess.com"]
[Date "2020.11.24"]
[Round "7"]
[White "FMOlexandrProhorov"]
[Black "Chessdude1987"]
[Result "1-0"]
[WhiteElo "2199"]
[BlackElo "2344"]
[TimeControl "180+1"]
[EndTime "11:36:37 PST"]
[Termination "FMOlexandrProhorov won by checkmate"]

1. e4 e6 2. d4 d5 3. Nc3 Nf6 4. Bg5 dxe4 5. Nxe4 Be7 6. Bxf6 gxf6 7. g3 f5 8. Nc3 Nd7 9. Bg2 Nf6 10. Nge2 c5 11. dxc5 Bxc5 12. O-O Qxd1 13. Raxd1 a6 14. Nf4 Rb8 15. Nd3 Bd6 16. Rfe1 b5 17. Ne5 Bxe5 18. Rxe5 Bb7 19. Bxb7 Rxb7 20. Rc5 Ke7 21. Rc6 b4 22. Na4 Ra8 23. Rdd6 a5 24. Ra6 Rba7 25. Rxa7+ Rxa7 26. Rb6 Nd5 27. Rb8 Rc7 28. Ra8 Rxc2 29. Rxa5 f4 30. Ra7+ Kf6 31. gxf4 Nxf4 32. h4 Nd3 33. Rb7 Nxf2 34.
Rxb4 Nh3+ 35. Kf1 Rf2+ 36. Ke1 Rf5 37. Rb7 Nf4 38. b4 Nd5 39. b5 Rf4 40. Nc5 Rxh4 41. Nd7+ Kf5 42. b6 Ra4 43. Ra7 Rb4 44. b7 h5 45.
b8=Q Rxb8 46. Nxb8 h4 47. Rxf7+ Kg4 48. Nd7 h3 49. Ne5+ Kg3 50. Rg7+ Kf4 51. Nd3+ Ke3 52. Nf2 Nf4 53. Rh7 Ng2+ 54. Kf1 Nf4 55. Nxh3 Nd3 56. Ng5 e5 57. a4 Nc5 58. a5 Kd3 59. Rc7 Na6 60.
Rc6 Nb4 61. Rb6 Nd5 62. Rb7 e4 63. a6 Ne3+ 64. Kf2 Ng4+ 65. Kg3 e3 66. a7 e2 67. Re7 Ne3 68. Rxe3+ Kxe3 69. Nf3 e1=Q+ 70. Nxe1 Kd4 71. a8=Q Kc4 72. Kf4 Kd4 73. Qd8+ Kc4 74. Ke4 Kb3 75. Kd3 Kb4 76. Qb6+ Ka3 77. Kc3 Ka2 78.
Qb2# 1-0